 Dungeon Crawl Stone Soup version 0.23.2-11-gf996548c65 (webtiles) character file.

Game seed: 7288978224918119938

1733 consamida the Insei (level 9, -4/55 HPs)
             Began as an Octopode Transmuter on June 4, 2019.
             Slain by Joseph
             ... wielding a +0 quarterstaff
              (19 damage)
             ... on level 7 of the Dungeon.
             The game lasted 00:23:28 (8622 turns).

consamida the Insei (Octopode Transmuter)           Turns: 8622, Time: 00:23:28

Health: -4/55      AC:  2    Str: 13    XL:     9   Next: 5%
Magic:  13/15      EV: 28    Int: 15    God:
Gold:   421        SH:  0    Dex: 25    Spells: 6/16 levels left

rFire    . . .     SeeInvis .     - Unarmed
rCold    . . .     Gourm    .   (shield currently unavailable)
rNeg     + . .     Faith    .   (helmet currently unavailable)
rPois    x         Spirit   .   (no amulet)
rElec    .         Reflect  .   x - ring of positive energy
rCorr    .         Harm     .   (no ring)
MR       .....                  (no ring)
Stlth    +++.......             (no ring)
HPRegen  0.00/turn              (no ring)
MPRegen  0.14/turn              (no ring)
                                (no ring)
                                (no ring)

@: mighty, agile, spider-form
A: tiny, almost no armour, stealthy swim, (amphibious), 8 rings, (constrict 8),
inhibited regeneration, weak 1, wild magic 1
a: End Transformation


You were on level 7 of the Dungeon.
You were very hungry.
You were a venomous arachnid creature.
You visited 2 branches of the dungeon, and saw 8 of its levels.

You collected 421 gold pieces.

Inventory:

Hand Weapons
 d - a +0 vampiric dagger
 o - a +0 trident
 y - a cursed -3 trident
Missiles
 a - 106 arrows
 l - 8 javelins (quivered)
 w - 2 throwing nets
Magical Staves
 u - an uncursed staff of earth
Jewellery
 h - an uncursed ring of fire
 x - a ring of positive energy (left front leg)
Wands
 z - a wand of iceblast (6)
 E - a wand of disintegration (7)
 F - a wand of random effects (2)
Scrolls
 e - 3 scrolls of enchant weapon {unknown}
 f - a scroll of fog {unknown}
 g - 2 scrolls of teleportation
 j - 3 scrolls of enchant armour
 m - 3 scrolls of amnesia {unknown}
 p - 2 scrolls of remove curse {unknown}
 r - 2 scrolls of immolation {unknown}
 s - a scroll of fear {unknown}
 t - a scroll of holy word {unknown}
 v - a scroll of magic mapping {unknown}
 A - a scroll of random uselessness {unknown}
 B - a scroll of vulnerability {unknown}
Potions
 b - 3 potions of might
 i - a potion of ambrosia
 k - a potion of haste
 q - 4 potions of curing
Comestibles
 c - 13 rations


   Skills:
 - Level 2.9 Fighting
 - Level 3.5 Dodging
 - Level 1.3 Stealth
 - Level 6.5 Unarmed Combat
 - Level 4.4 Spellcasting
 - Level 5.7 Transmutations
 + Level 2.6 Ice Magic
 - Level 4.5 Poison Magic


You had 6 spell levels left.
You knew the following spells:

 Your Spells              Type           Power        Failure   Level  Hunger
a - Beastly Appendage     Tmut           ####..       11%         1    None
b - Sticks to Snakes      Tmut           ####....     14%         2    ##.....
c - Spider Form           Tmut/Pois      ###.......   24%         3    ###....
d - Ice Form              Ice/Tmut       ###.....     61%         4    ####...

Your spell library contained the following spells:

 Spells                   Type           Power        Failure   Level  Hunger
 Blade Hands              Tmut           ####......   71%         5    ######.
 Venom Bolt               Conj/Pois      ##........   98%         5    ######.
 Bolt of Magma            Conj/Fire/Erth #.........   100%        5    ######.
 Iskenderun's Battlesphe  Conj/Chrm      #.......     100%        5    ######.
 Iron Shot                Conj/Erth      #.........   100%        6    #######
 Orb of Destruction       Conj           #.........   100%        7    #######
 Spellforged Servitor     Conj/Summ      #.........   100%        7    #######


Dungeon Overview and Level Annotations

Branches:
Dungeon (7/15)             Temple (1/1) D:4

Altars:
Ashenzari
Cheibriados
Dithmenos
Fedhas
Gozag
Makhleb
Nemelex Xobeh
Sif Muna
Trog
Wu Jian
Xom
Yredelemnul
Zin
The Shining One

Annotations:
D:7 exclusion: phantom, Joseph


Innate Abilities, Weirdness & Mutations

You cannot wear most types of armour.
You are very stealthy in the water. (Stealth+)
((You are amphibious.))
You can wear up to eight rings at the same time.
((You can use your tentacles to constrict eight enemies at once.))
((Your skin changes colour to match your surroundings (Stealth+).))
((Your rubbery body absorbs attacks. (AC +1, EV +1)))
((You are partially covered in thin metallic scales. (AC +2)))
((Your flesh is cold resistant. (rC+)))
You do not regenerate when monsters are visible.
You are weak. (Str -2)
Your spells are a little harder to cast, but a little more powerful.


Message History

You barely miss Joseph. You bite Joseph!
Joseph is poisoned.
Joseph is lightly wounded.
Joseph hits you with a +0 quarterstaff!
You completely miss Joseph.
Joseph is lightly wounded.
Joseph misses you.
You bite Joseph!
Joseph looks as sick as possible!
Joseph is moderately wounded.
Joseph hits you with a +0 quarterstaff!
* * * LOW HITPOINT WARNING * * *
You bite Joseph!
Joseph looks as sick as possible!
Joseph is severely wounded.
Joseph barely misses you.
You bite Joseph!
Joseph looks as sick as possible!
Joseph is severely wounded.
You hit Joseph.
Joseph looks as sick as possible!
Joseph is almost dead.
Joseph hits you with a +0 quarterstaff!!
You die...

### #.# #.##..#..##.# #..##.. ...
###.####..##.##..####.###.. ...
##.....###.##.##.###.[#####. ...
##....#..###..#..###.####..##
...##.....##..####.## #.###..##.#
...#.......#...##...###.##.#####.
..@#.........#.#..#.)###.#.#..##.
..c..##......#.@.###..##.##.##.##
...#.##...#.##.#s.#.)#.##..#.#.##
...#.(..#.#....##[.[##.#####.##.#
...##..##.##..####.## . #..###.#
... ##..#.@..## .## #..####.##
... ##.....## .. #####..##. ...
###.### ####### ###.###.. ...
#.#...##....... #..#..#..
#.###.#.# #########.....#..
#......#....W....#.#.#.##..


You could see Joseph.

Vanquished Creatures
  Sigmund (D:3)
  A necrophage (D:7)
  2 ogres (D:7)
  A centaur (D:7)
  A bullfrog (D:7)
  2 scorpions (D:6)
  4 killer bees (D:7)
  2 howler monkeys
  A bullfrog zombie (D:5)
  2 crimson imps
  A hound (D:7)
  5 orc priests
  2 jellies (D:7)
  Jessica (D:2)
  2 iguanas
  4 worker ants
  An orc wizard (D:4)
  7 adders
  4 gnolls
  A shadow imp (D:7)
  An adder zombie (D:5)
  3 worms
  2 dart slugs (D:1)
  3 leopard geckos
  26 orcs
  2 giant cockroaches
  2 hobgoblins
  7 jackals
  2 ball pythons (D:3)
  12 bats
  6 frilled lizards
  10 goblins
  A jackal skeleton (D:7)
  7 kobolds
  A leopard gecko skeleton (D:6)
  A quokka skeleton (D:4)
  3 rats
134 creatures vanquished.

Vanquished Creatures (collateral kills)
  An ogre (D:4)
  2 worker ants
  An adder (D:3)
  An adder skeleton (D:4)
5 creatures vanquished.

Grand Total: 139 creatures vanquished

Notes
Turn   | Place    | Note
-------+----------+-------------------------------------------
     0 | D:1      | consamida the Octopode Transmuter began the quest for the
                  | Orb.
     0 | D:1      | Reached XP level 1. HP: 13/13 MP: 3/3
   485 | D:1      | Reached XP level 2. HP: 18/18 MP: 5/5
   492 | D:1      | Learned a level 2 spell: Sticks to Snakes
  1077 | D:1      | Reached XP level 3. HP: 20/23 MP: 6/6
  1082 | D:1      | Learned a level 3 spell: Spider Form
  1203 | D:2      | Reached skill level 1 in Stealth
  1226 | D:2      | Noticed Jessica
  1232 | D:2      | Killed Jessica
  1232 | D:2      | Reached skill level 4 in Unarmed Combat
  1232 | D:2      | Reached XP level 4. HP: 26/28 MP: 5/7
  1856 | D:2      | Reached skill level 1 in Poison Magic
  2163 | D:2      | Reached XP level 5. HP: 29/33 MP: 1/8
  2279 | D:2      | Found a glowing golden altar of the Shining One.
  2713 | D:3      | Noticed Sigmund
  2751 | D:3      | Killed Sigmund
  2751 | D:3      | Reached XP level 6. HP: 38/38 MP: 6/9
  3025 | D:3      | Found a basalt altar of Yredelemnul.
  4095 | D:4      | Reached skill level 5 in Unarmed Combat
  4424 | D:4      | Found a staircase to the Ecumenical Temple.
  4577 | Temple   | Entered the Ecumenical Temple
  4673 | D:4      | Reached XP level 7. HP: 43/43 MP: 6/11
  4763 | D:4      | HP: 2/43 [poisoned by a worker ant]
  5280 | D:4      | You fall through a shaft!
  5280 | D:5      | Entered Level 5 of the Dungeon
  5297 | D:5      | Found a deep blue altar of Sif Muna.
  5469 | D:4      | Learned a level 4 spell: Ice Form
  6992 | D:6      | Reached skill level 6 in Unarmed Combat
  6992 | D:6      | Reached XP level 8. HP: 48/48 MP: 4/13
  6999 | D:6      | Gained mutation: Your spells are a little harder to cast,
                  | but a little more powerful. [potion of mutation]
  6999 | D:6      | Gained mutation: You are frail. (-10% HP) [potion of
                  | mutation]
  6999 | D:6      | Gained mutation: Your muscles are strong. (Str +2) [potion
                  | of mutation]
  7356 | D:6      | Found a snail-covered altar of Cheibriados.
  7598 | D:7      | Reached skill level 5 in Transmutations
  7761 | D:7      | Lost mutation: You are frail. (-10% HP) [potion of
                  | mutation]
  7761 | D:7      | Lost mutation: Your muscles are strong. (Str +2) [potion of
                  | mutation]
  7761 | D:7      | Gained mutation: You are partially covered in thin metallic
                  | scales. (AC +2) [potion of mutation]
  7761 | D:7      | Gained mutation: You do not regenerate when monsters are
                  | visible. [potion of mutation]
  7761 | D:7      | Gained mutation: You are weak. (Str -2) [potion of
                  | mutation]
  7761 | D:7      | Gained mutation: Your flesh is cold resistant. (rC+)
                  | [potion of mutation]
  8153 | D:7      | Noticed a slime creature
  8165 | D:7      | Noticed a hornet
  8167 | D:7      | Reached skill level 1 in Ice Magic
  8167 | D:7      | Reached XP level 9. HP: 37/55 MP: 11/15
  8597 | D:7      | Noticed Joseph
  8622 | D:7      | Slain by Joseph

Skill      XL: |  1  2  3  4  5  6  7  8  9 |
---------------+----------------------------+-----
Stealth        | 1 |  1.3
Unarmed Combat | 4 5 6 |  6.5
Poison Magic   | 1 2 3 4 |  4.5
Dodging        | 3 |  3.5
Transmutations | 3 4 5 |  5.7
Spellcasting   | 3 4 |  4.4
Fighting       | 2 |  2.9
Ice Magic      | 1 2 |  2.6

Action                   |  1- 3 |  4- 6 |  7- 9 || total
-------------------------+-------+-------+-------++-------
Melee: Unarmed           |    53 |   145 |   169 ||   367
       Tentacles         |     9 |    12 |    20 ||    41
       Constrict         |    14 |    20 |    22 ||    56
       Kick              |     5 |    10 |    23 ||    38
       Punch             |     1 |     1 |     7 ||     9
Throw: Javelin           |       |     3 |       ||     3
 Cast: Beastly Appendage |     5 |     9 |    22 ||    36
       Spider Form       |       |     9 |     5 ||    14
       Sticks to Snakes  |       |     1 |    15 ||    16
       Ice Form          |       |       |     1 ||     1
 Abil: End Transformatio |       |       |     2 ||     2
  Use: Scroll            |       |     7 |     4 ||    11
       Potion            |       |       |     7 ||     7
 Stab: Sleeping          |     1 |     7 |     2 ||    10
       Distracted        |       |     2 |     1 ||     3
  Eat: Chunk             |       |    13 |    13 ||    26
Armor: Skin              |    16 |     9 |     7 ||    32
Dodge: Dodged            |    43 |   122 |   105 ||   270
